Unix NetHack Version 3.7.0-89 Work-in-progress - last build Sep 24 2023 19:26:52 (48e034876007844a536bf88644040a71d2893410,branch:master). Game began 2023-09-30 09:07:55, ended 2023-10-01 12:56:45. torpedojuice, neutral male human Tourist --------------- ..................... ---|----....$......... .......--.............. ....... --..%.......... ........ |............. ----- ....@... -------...--- |... -...@AA. ---.---- --..--------- -----D----- -.......-- --...|...%...| ---...A@@...--- -.......%.---%)..|%%.....| |......a......| ........%%%..%.%%%%*?%...| |. ----.---- .| -.%....%.%---....|.%.....| | |@......| @| -.......-- --..%|.......| |.......|A --------- --).--------- |...@@..|AA |... @|.......| ----- |.......| ---------A @@A Torpedojuice the Traveler St:25 Dx:17 Co:18 In:18 Wi:18 Ch:18 Neutral Astral Plane $:0 HP:295(295) Pw:48(48) AC:-34 Xp:16 T:33238 Fly Latest messages: The soldier ant bites the renegade priest of The Lady. The soldier ant stings the renegade priest of The Lady. The renegade priest of The Lady swings his mace at the soldier ant. The renegade priest of The Lady hits the soldier ant. The soldier ant is killed! The killer bee misses the giant beetle. The Angel of Blind Io zaps you with a magic missile! The magic missile hits you! But it reflects from your armor! The magic missile hits the Angel of Blind Io. The invisible priestess of Offler swings her mace at the giant beetle. The invisible priestess of Offler hits the giant beetle. The invisible priestess of Offler hits the giant beetle. The giant beetle is killed! The killer bee stings the giant beetle. The Angel of Blind Io wields a long sword! The renegade priest of The Lady casts a spell! The renegade priest of The Lady looks better. The invisible priestess of Offler hurls a potion of paralysis! The potion of paralysis misses the renegade priest of The Lady. The flask crashes on your head and breaks into shards. The potion of paralysis evaporates. You stiffen momentarily. The high priestess intones: "Pilgrim, you enter a sacred place!" The priestess of The Lady wields a mace! The mace welds itself to the priestess of The Lady's hand! You hear a chugging sound. The Angel of Blind Io zaps you with a magic missile! The magic missile hits you! But it reflects from your armor! The magic missile misses the Angel of Blind Io. "Thy reckoning is at hand, torpedojuice." You hear a mumbled curse. Pick an object. You hear a chugging sound. The Angel of Blind Io swings her long sword at the killer bee. The Angel of Blind Io hits the killer bee. The killer bee is killed! You hear a mumbled curse. Pick an object. You hear a chugging sound. You hear a mumbled curse. What do you want to sacrifice? [V or ?*] You offer the Amulet of Yendor to The Lady... An invisible choir sings, and you are bathed in radiance... The voice of The Lady booms out: "Mortal, thou hast done well!" "In return for thy service, I grant thee the gift of Immortality!" You ascend to the status of Demigod... Do you want your possessions identified? [ynq] (y) Inventory: Amulets g - an uncursed amulet of flying (being worn) Weapons a - the blessed rustproof +7 Magicbane (wielded in right hand) w - a blessed +7 silver saber (wielded in left hand) Armor A - a blessed fireproof +5 Hawaiian shirt with a toucan motif (being worn) B - a blessed greased +5 silver dragon scale mail (being worn) C - a blessed greased fireproof +4 cloak of magic resistance (being worn) D - a blessed burnt +4 pair of speed boots (being worn) E - a blessed rusty corroded +5 pair of gauntlets of power (being worn) F - a blessed +0 dwarvish iron helm (being worn) Comestibles L - an uncursed lizard corpse named kebabtallrik Spellbooks U - the uncursed Book of the Dead Rings l - a blessed greased ring of free action (on right hand) n - a blessed ring of conflict (on left hand) M - a blessed +3 ring of increase damage Wands c - an uncursed wand of death (0:1) f - an uncursed wand of teleportation (1:6) z - an uncursed wand of digging (0:0) J - an uncursed wand of death (0:7) K - an uncursed wand of death (2:5) S - an uncursed wand of death (1:5) Tools b - a blessed greased bag of holding containing 109 items e - an uncursed stethoscope k - an uncursed skeleton key m - the uncursed Candelabrum of Invocation (0 of 7 candles attached) s - an uncursed oilskin sack named cancellation containing 1 item t - an uncursed towel u - a blessed +0 unicorn horn v - a blessed magic lamp (lit) H - an uncursed can of grease (0:5) O - the uncursed Bell of Opening (0:0) P - the blessed Platinum Yendorian Express Card Gems/Stones x - a blessed luckstone Contents of the bag of holding: an uncursed amulet of life saving an uncursed amulet of magical breathing an uncursed amulet of reflection an uncursed +0 oilskin cloak an uncursed carrot 5 uncursed food rations 3 uncursed tins of tengu meat an uncursed lizard corpse named KFC a blessed scroll of scare monster a blessed scroll of amnesia a blessed scroll of blank paper 19 uncursed scrolls of blank paper a blessed scroll of charging 3 uncursed scrolls of charging 2 uncursed scrolls of earth 4 uncursed scrolls of enchant armor 3 blessed scrolls of enchant weapon 3 uncursed scrolls of enchant weapon a blessed scroll of fire 3 uncursed scrolls of fire 6 blessed scrolls of identify 9 uncursed scrolls of identify 6 uncursed scrolls of remove curse 4 uncursed scrolls of taming 2 uncursed potions of acid 17 potions of holy water 8 uncursed potions of water 3 potions of unholy water 4 blessed diluted potions of full healing an uncursed potion of gain energy an uncursed potion of gain level 2 cursed potions of healing 3 blessed potions of paralysis an uncursed potion of paralysis 3 blessed potions of restore ability an uncursed potion of speed an uncursed +2 ring of adornment an uncursed ring of conflict an uncursed ring of levitation an uncursed ring of levitation an uncursed ring of levitation an uncursed ring of protection from shape changers an uncursed ring of protection from shape changers a blessed ring of regeneration an uncursed ring of regeneration an uncursed ring of regeneration an uncursed ring of regeneration a blessed ring of slow digestion a blessed ring of teleport control an uncursed ring of teleport control an uncursed ring of teleport control an uncursed ring of teleport control an uncursed wand of slow monster (0:6) an uncursed wand of slow monster (0:7) an uncursed wand of cold (0:7) an uncursed wand of cold (0:3) an uncursed wand of cold (0:3) an uncursed wand of digging (0:4) an uncursed wand of digging (0:6) an uncursed wand of digging (0:7) an uncursed wand of digging (0:8) an uncursed wand of digging (0:4) an uncursed wand of digging (0:8) an uncursed wand of digging (0:7) an uncursed wand of digging (0:4) an uncursed wand of digging (0:2) an uncursed wand of digging (0:5) an uncursed wand of digging (2:5) an uncursed wand of digging (0:5) an uncursed wand of digging (0:7) an uncursed wand of digging (0:5) an uncursed wand of digging (0:5) an uncursed wand of digging (0:6) an uncursed wand of digging (0:5) an uncursed wand of fire (0:6) an uncursed wand of fire (0:5) an uncursed wand of fire (0:4) an uncursed wand of fire (0:1) an uncursed wand of fire (0:6) an uncursed wand of light (0:11) an uncursed wand of light (0:14) an uncursed wand of lightning (0:3) an uncursed wand of lightning (0:0) an uncursed wand of lightning (0:0) an uncursed wand of secret door detection (0:12) an uncursed wand of sleep (0:5) an uncursed wand of sleep (0:7) an uncursed wand of sleep (0:6) an uncursed wand of sleep (0:1) an uncursed wand of sleep (0:0) a blessed wand of striking (0:3) an uncursed wand of striking (0:7) an uncursed wand of striking (0:7) a blessed wand of teleportation (0:4) an uncursed wand of teleportation (0:7) an uncursed wand of teleportation (0:4) an uncursed wand of teleportation (0:4) an uncursed wand of teleportation (0:6) an uncursed wand of teleportation (0:4) an uncursed wand of teleportation (0:8) an uncursed wand of teleportation (0:0) an uncursed wand of wishing (1:2) an uncursed bugle an uncursed magic whistle an uncursed can of grease (0:16) a blessed magic marker (0:80) an uncursed +0 pick-axe an uncursed amethyst stone a blessed touchstone Contents of the oilskin sack named cancellation: an uncursed wand of cancellation (0:6) Torpedojuice the Tourist's attributes: Background: You were a Traveler, a level 16 male human Tourist. You were neutral, on a mission for The Lady who was opposed by Blind Io (lawful) and Offler (chaotic). You were in the endgame, on the Astral Plane. You entered the dungeon 33238 turns ago. There was a full moon in effect when your adventure ended. You had 363319 experience points, 276681 more were needed to attain level 17. Basics: You had all 295 hit points. You had all 48 energy points (spell power). Your armor class was -34. Your wallet was empty. Autopickup was off. Final Characteristics: Your strength was 25 (base:18/10, innate limit:18/100). Your dexterity was 17 (peak:18, limit:18). Your constitution was 18 (limit:18). Your intelligence was 18 (limit:18). Your wisdom was 18 (limit:18). Your charisma was 18 (limit:18). Final Status: You were flying. You were not hungry. You were unencumbered. You were wielding two weapons at once. Your skill in dagger was limited by being skilled with two weapons. You were skilled in saber and two weapons. Final Attributes: You were the Envoy of Balance. You were piously aligned. You were magic-protected. You were fire resistant. You were cold resistant. You were sleep resistant. You were disintegration resistant. You were shock resistant. You were poison resistant. You saw invisible. You were telepathic. You had automatic searching. You caused conflict. You had a moderate defense bonus (+9). You were warded. You took half spell damage. You were very fast. You had reflection. You had free action. You were extremely lucky. You had extra luck. Good luck did not time out for you. You survived. Miscellaneous: You encountered 1 bones level. Total elapsed playing time was 6 hours, 10 minutes and 47 seconds. Major events: Turn 1: torpedojuice the neutral male human Tourist entered the dungeon 1418: entered the Gnomish Mines 2307: attained the rank of Sightseer (level 3) 2590: was bestowed with Giantslayer by The Lady 2892: attained the rank of Excursionist (level 6) 2910: reached Mine Town 4119: was bestowed with Magicbane by The Lady 4520: was bestowed with Ogresmasher by The Lady 5593: entered Sokoban 5772: completed 1st Sokoban level 6157: completed 2nd Sokoban level 6498: completed 3rd Sokoban level 7494: completed 4th Sokoban level 7704: acquired the Sokoban bag of holding 7733: attained the rank of Peregrinator (level 10) 11115: acquired the Mines' End luckstone 12861: became The Lady's Envoy of Balance 12861: was bestowed with Vorpal Blade 13564: entered the Bigroom 17127: destroyed joes' ghost, the former Joshu 17129: found Snickersnee on the floor 17144: found Fire Brand in a container 21183: made his first wish - "blessed greased fixed +2 silver dragon scale mail", got "a greased silver dragon scale mail" 23316: killed Medusa 24374: attained the rank of Traveler (level 14) 26838: found the Platinum Yendorian Express Card on the floor 26876: killed the Master of Thieves 26878: acquired the Bell of Opening 27256: wished for "blessed greased fixed +2 cloak of magic resistance", got "a greased piece of cloth" 27397: entered Gehennom 28343: killed Juiblex 28540: bribed Asmodeus with 55 zorkmids for safe passage 29096: wished for "blessed greased fixed ring of free action", got "a greased ring of free action" 29721: bribed Baalzebub with 15 zorkmids for safe passage 30165: destroyed Vlad the Impaler 30167: acquired the Candelabrum of Invocation 30382: killed Orcus 31446: killed the Wizard of Yendor 31447: acquired the Book of the Dead 31486: performed the invocation 31603: killed the high priestess of Moloch 31606: acquired The Amulet of Yendor 31980: killed the Wizard of Yendor (2nd time) 32417: killed the Wizard of Yendor (3rd time) 32759: wished for "blessed magic marker", got "a magic marker" 32779: killed the Wizard of Yendor (5th time) 32917: entered the Elemental Planes 32917: entered Plane of Earth 32989: entered Plane of Air 33037: entered Plane of Fire 33072: entered Plane of Water 33154: entered the Astral Plane 33170: killed Pestilence 33204: Pestilence has been killed (2nd time) 33215: killed Death 33238: ascended Vanquished creatures: Orcus Juiblex the Wizard of Yendor (6 times) Death Pestilence (twice) Vlad the Impaler an arch-lich a high cleric a mastodon Medusa 6 krakens the Master of Thieves an Archon a master lich 3 storm giants a titan a glass golem a balrog 3 purple worms 2 silver dragons 3 red dragons a white dragon 3 orange dragons 2 black dragons 2 blue dragons 5 yellow dragons 22 minotaurs 4 baluchitheria 5 Angels 7 demiliches 13 Olog-hai 3 pit fiends 2 displacer beasts 3 titanotheres a trapper a baby gray dragon 4 baby yellow dragons 3 guardian nagas 4 disenchanters 20 vampire leaders 3 skeletons 14 aligned clerics 7 captains 5 shades 8 liches 4 clay golems 3 ice devils a nalfeshnee 2 lurkers above 2 Aleaxes 2 ettins 13 black puddings 30 vampires 7 lieutenants 36 ghosts a queen bee 3 winged gargoyles 2 mind flayers 7 giant mimics 4 long worms 4 zruties a fire giant 9 ogre tyrants 4 ice trolls 2 rock trolls 3 flesh golems 3 elven monarchs 3 doppelgangers 3 hezrous 3 bone devils 6 large mimics 2 wumpuses 2 fire vortices 10 stalkers 4 air elementals 2 fire elementals 3 earth elementals 6 water elementals 3 giant mummies a black naga 8 xorns 14 giant zombies 5 elf-nobles 23 sergeants a water demon 4 barbed devils 11 vrocks a salamander 10 wargs 3 winter wolves 4 hell hound pups 19 small mimics 2 glass piercers 4 warhorses 10 steam vortices 4 xans 3 ettin mummies 6 ogre leaders 5 quantum mechanics 7 trolls a wood golem an erinys 4 mariliths 3 djinn 5 sharks 3 electric eels 5 gelatinous cubes 5 large dogs 2 freezing spheres 4 flaming spheres 8 shocking spheres 3 large cats 4 tigers 4 gargoyles 4 dwarf rulers 8 tengu 4 ochre jellies 8 leocrottas 6 energy vortices 3 mountain centaurs 5 stone giants 3 elf mummies 2 human mummies 2 red nagas 3 green slimes 5 pythons 4 pit vipers 4 cobras 49 wraiths 4 carnivorous apes 9 ettin zombies 6 leather golems 9 Grey-elves 105 soldiers a watchman 9 amorous demons 8 horned devils 6 chameleons 5 crocodiles 22 giant beetles 4 quivering blobs 12 cockatrices 24 wolves a winter wolf cub 3 panthers 6 gremlins a spotted jelly 60 leprechauns an orc-captain 4 iron piercers 3 mumakil 95 giant spiders 6 scorpions 9 horses 4 black lights 7 vampire bats 23 forest centaurs 6 gnome rulers 6 orc mummies 2 dwarf mummies 3 ogres 5 brown puddings 6 rust monsters 10 owlbears 5 yetis 3 gold golems 3 werewolves 7 Green-elves 5 piranha 7 giant eels 14 lizards 5 chickatrices 2 dingoes a dog 3 jaguars 5 dwarf leaders 5 blue jellies 3 white unicorns 4 black unicorns 4 dust vortices 3 ravens 6 plains centaurs a Kop Kaptain 2 gnome mummies 6 snakes 6 apes 23 human zombies 2 rope golems 4 Woodland-elves 12 soldier ants 12 fire ants 25 bugbears 3 lemures 7 quasits 5 wood nymphs 2 water nymphs 8 mountain nymphs 16 Mordor orcs 9 Uruk-hai an orc shaman 7 rock piercers 4 rock moles 3 ponies 6 fog clouds 11 yellow lights a shrieker a violet fungus 23 gnome leaders 8 gnomish wizards 5 Kop Lieutenants a kobold mummy 3 black naga hatchlings 4 gray oozes 2 barrow wights 15 elf zombies 15 ghouls 3 straw golems 2 paper golems 3 jellyfish 30 giant ants 3 little dogs 9 floating eyes 2 kittens 24 dwarves 2 homunculi 7 kobold leaders 3 kobold shamans 10 hill orcs 5 rothes 2 rabid rats 4 centipedes 3 giant bats 3 monkeys 17 orc zombies 13 dwarf zombies 2 wererats a werejackal 8 iguanas 46 killer bees 3 acid blobs 2 coyotes a gas spore 9 hobbits a manes 2 large kobolds 20 hobgoblins 3 giant rats 11 cave spiders 3 yellow molds 3 green molds 2 red molds 71 gnomes 5 Keystone Kops 5 garter snakes 18 gnome zombies 8 geckos 6 jackals 2 foxes 10 goblins 3 sewer rats 5 grid bugs 2 bats 16 lichens 19 kobold zombies 15 newts 1948 creatures vanquished. Extinct species: erinyes (extinct) soldiers (extinct) 2 species extinct. Voluntary challenges: You read items or engraved 96 times. You never engraved Elbereth. You never genocided any monsters. You never polymorphed an object. You used 4 wishes. You did not wish for any artifacts. You did not violate any of the special Sokoban rules. Achievements: You entered a shop. You entered the Gnomish Mines. You attained the rank of Sightseer. You attained the rank of Excursionist. You entered Minetown. You entered a temple. You entered Sokoban. You completed Sokoban. You attained the rank of Peregrinator. You completed the Gnomish Mines. You entered the Big Room. You defeated Medusa. You learned the tune to open and close the Castle's drawbridge. You attained the rank of Traveler. You had the Bell of Opening. You entered Gehennom. You had the Candelabrum of Invocation. You had the Book of the Dead. You gained access to Moloch's Sanctum. You reached the Elemental Planes. You reached the Astral Plane. You delivered the Amulet of Yendor. You ascended! The Elemental Planes: Astral Plane: <- You are here. Some temples. Plane of Water: Plane of Fire: Plane of Air: Plane of Earth: The Dungeons of Doom: levels 1 to 27 Level 1: "fake bones" One way stairs up to The Elemental Planes. Level 2: A general store. Level 3: "vault, shk: $0" A general store, a fountain. Stairs down to The Gnomish Mines. Level 4: "stash 0 _, {&=P, food stash _" An armor shop, an altar to The Lady, a sink. Level 5: Level 6: Many fountains. Oracle of Delphi. Level 7: "backup mithril >" A fountain. Stairs up to Sokoban, level 6. Level 8: Level 9: "vault" Level 10: Many trees. A very big room. Level 11: An altar to The Lady. Level 12: "backup mithril >" A fountain. Portal to The Quest. Level 13: A fountain. Level 14: Many graves. Level 15: "backup BoH" Final resting place for joes-Sam-Hum-Fem-Law, killed by a forest centaur. Level 16: Level 17: A primitive area. Level 18: A fountain, a grave. Level 19: A fountain. Level 20: Level 21: Some altars. Level 22: Level 23: A fountain. Level 24: Level 25: Some fountains, many trees. Level 26: A fountain. Level 27: A fountain. The castle. Gehennom: levels 28 to 47 Level 28: "stash (daggers, vorpy...) >" A temple, many graves. Valley of the Dead. Level 29: Level 30: Level 31: Level 32: A fountain. Level 33: Level 34: Level 35: Level 36: Level 37: "water stash _" Some shops, an altar, a grave. Stairs up to Vlad's Tower, level 36. Level 38: Level 39: Level 40: Level 41: Level 42: Level 43: "wiztower" Level 44: Level 45: Level 46: Level 47: A temple, many graves. Moloch's Sanctum. The Gnomish Mines: levels 4 to 11 Level 4: Level 5: Level 6: "stash, backup elven mithril, {=" Many shops, a temple, some fountains, a sink. Level 7: Level 8: Level 9: Level 10: Level 11: The Quest: levels 1 to 6 Level 1: "! >" A throne, many graves. Completed quest for Twoflower. Level 2: Level 3: "! >" Some shops, many graves. Level 4: "oil lamps/lanters <" Level 5: Level 6: "backup BoH" Some shops, a grave. Sokoban: levels 6 up to 3 Level 3: Solved. Level 4: Solved. Level 5: Solved. Level 6: Solved. Vlad's Tower: levels 36 up to 34 Level 34: Level 35: Level 36: Aloha torpedojuice the Demigod... You went to your reward with 2106238 points, Magicbane (worth 3500 zorkmids and 8750 points) The Candelabrum of Invocation (worth 5000 zorkmids and 12500 points) The Bell of Opening (worth 5000 zorkmids and 12500 points) The Platinum Yendorian Express Card (worth 7000 zorkmids and 17500 points) The Book of the Dead (worth 10000 zorkmids and 25000 points) and 0 pieces of gold, after 33238 moves. You were level 16 with a maximum of 295 hit points when you ascended.